 Dungeon Crawl Stone Soup version 0.30-a0-652-gcc886f7154 (webtiles) character file.

Game seed: 2954039748383508487

35357 mandoloar the Severer (level 13, -5/111 HPs)
             Began as a Minotaur Fighter on Jan 17, 2023.
             Was the Champion of Okawaru.
             Slain by an eight-headed hydra (6 damage)
             ... on level 5 of the Lair of Beasts.
             The game lasted 00:48:08 (20054 turns).

mandoloar the Severer (Minotaur Fighter)           Turns: 20054, Time: 00:48:09

Health: -5/111     AC: 32    Str: 28    XL:     13   Next: 47%
Magic:  17/17      EV:  6    Int:  9    God:    Okawaru [******]
Gold:   1233       SH: 15    Dex: 10    Spells: 12/12 levels left

rFire   . . .      SeeInvis .    b - +0 flail (protect)
rCold   . . .      Faith    .    K - +2 tower shield {AC+3}
rNeg    + . .      Spirit   .    H - +0 plate armour
rPois   +          Reflect  .    x - +4 hat of Sloth {Int+4}
rElec   .          Harm     .    F - +0 cloak
rCorr   .          Rampage  .    n - +1 pair of gloves
Will    .....                    (no boots) Stlth
                                 c - amulet of the acrobat
HPRegen 0.38/turn                G - +4 ring of slaying
MPRegen 0.15/turn                g - ring "Jagibug" {rPois rN+ Str+4}

@: under a protective aura
A: horns 2, retaliatory headbutt, clumsy 1
a: Renounce Religion, Heroism, Finesse, Duel


You were on level 5 of the Lair of Beasts.
You worshipped Okawaru.
Okawaru was exalted by your worship.
You visited 3 branches of the dungeon, and saw 17 of its levels.

You collected 1233 gold pieces.

Inventory:

Hand Weapons
 a - a +3 broad axe
 b - a +0 flail of protection (weapon)
Missiles
 p - 52 stones
 q - 5 javelins
 L - a silver boomerang (quivered)
Armour
 n - a +1 pair of gloves (worn)
 x - the +4 hat of Sloth (worn) {Int+4}
   (You found it on level 3 of the Dungeon)

   Int:       It affects your intelligence (+4).
 F - a +0 cloak (worn)
 H - a +0 plate armour (worn)
 K - a +2 tower shield of protection (worn)
Jewellery
 c - an amulet of the acrobat (around neck)
 g - the ring "Jagibug" (right hand) {rPois rN+ Str+4}
   (You acquired it on level 6 of the Dungeon)

   [ring of poison resistance]

   Str:       It affects your strength (+4).
   rPois:     It protects you from poison.
   rN:        It protects you from negative energy.
 i - a ring of flight
 y - a +5 ring of evasion
 A - a +6 ring of dexterity
 G - a +4 ring of slaying (left hand)
Wands
 u - a wand of iceblast (18)
 v - a wand of quicksilver (2)
Scrolls
 l - a scroll of amnesia
 r - 7 scrolls of teleportation
 t - 2 scrolls of enchant armour
 I - 5 scrolls of identify
 J - a scroll of enchant weapon
Potions
 e - 3 potions of mutation
 h - a potion of berserk rage
 j - 2 potions of might
 k - 4 potions of flight
 m - 3 potions of heal wounds
 o - 6 potions of brilliance
 s - 9 potions of curing
 w - a potion of ambrosia {unknown}
 z - 2 potions of magic
 B - 5 potions of lignification {unknown}
 C - 3 potions of haste {unknown}
 D - 5 potions of degeneration {unknown}
 E - 4 potions of attraction {unknown}


   Skills:
 + Level 9.6 Fighting
 + Level 18.0 Axes
 + Level 7.1 Throwing
 + Level 9.5 Armour
 + Level 7.7 Dodging
 - Level 6.0 Stealth
 - Level 6.0 Shields
 + Level 7.1 Invocations


You had 12 spell levels left.
You didn't know any spells.
Your spell library contained the following spells:

 Spells                   Type           Power      Damage    Failure   Level
 Foxfire                  Conj/Fire      0%         2x1d4     100%        1
 Shock                    Conj/Air       0%         1d3       100%        1
 Ensorcelled Hibernation  Hex/Ice        0%         N/A       100%        2
 Sublimation of Blood     Necr           0%         N/A       100%        2
 Spider Form              Tmut/Pois      0%         N/A       100%        3
 Swiftness                Air            0%         N/A       100%        3
 Airstrike                Air            0%         2d(0-16)  100%        4
 Anguish                  Hex/Necr       0%         N/A       100%        4
 Petrify                  Tmut/Erth      0%         N/A       100%        4
 Irradiate                Conj/Tmut      0%         3d11      100%        5
 Iskenderun's Battlesphe  Conj           0%         2d6       100%        5
 Iron Shot                Conj/Erth      0%         9d1       100%        6
 Spellforged Servitor     Conj/Summ      Unusable   N/A       N/A         7

Dungeon Overview and Level Annotations

Branches:
Dungeon (11/15)            Temple (1/1) D:6            Lair (5/5) D:9
 Shoals (0/4) Lair:2       Spider (0/4) Lair:3        Slime (0/5) Lair:4
    Orc (0/2) D:9

Altars:
Ashenzari
Cheibriados
Dithmenos
Elyvilon
Fedhas
Gozag
Hepliaklqana
Kikubaaqudgha
Makhleb
Nemelex Xobeh
Okawaru
Qazlal
Ru
Sif Muna
Trog
Uskayaw
Vehumet
Wu Jian
Xom
Yredelemnul
Zin
The Shining One

Shops:
D:2 *   D:9 [(   D:10 [

Portals:
Trove: D:10 (give +7 demon trident)


Innate Abilities, Weirdness & Mutations

You have a pair of horns on your head.
You reflexively headbutt those who attack you in melee.
You are clumsy. (Dex -2)


Message History

The eight-headed hydra bites you!
* * * LOW HITPOINT WARNING * * *
The eight-headed hydra bites you but does no damage.
The eight-headed hydra bites you.
The eight-headed hydra bites you but does no damage.
The eight-headed hydra bites you.
* * * LOW HITPOINT WARNING * * *
The eight-headed hydra bites you but does no damage.
The black mamba bites you but does no damage.
You turn to flesh and can move again.
You hit the eight-headed hydra.
Your weapon exudes an aura of protection.
The eight-headed hydra is moderately wounded.
The black mamba barely misses you. You furiously retaliate!
You headbutt the black mamba! You block the basilisk's attack.
You block the eight-headed hydra's attack.
The eight-headed hydra barely misses you.
The eight-headed hydra closely misses you.
The eight-headed hydra bites you but does no damage. x3
The eight-headed hydra bites you!
* * * LOW HITPOINT WARNING * * *
You block the eight-headed hydra's attack.
The black mamba bites you!
* * * LOW HITPOINT WARNING * * *
The basilisk completely misses you.
You hit the eight-headed hydra.
The eight-headed hydra is moderately wounded.
The black mamba bites you but does no damage.
The eight-headed hydra bites you but does no damage.
The eight-headed hydra barely misses you.
The eight-headed hydra bites you but does no damage. x3
You block the eight-headed hydra's attack. x3
The black mamba completely misses you. The basilisk bites you.
* * * LOW HITPOINT WARNING * * *
The eight-headed hydra bites you but does no damage. x3
The eight-headed hydra barely misses you.
The eight-headed hydra bites you but does no damage. x2
The eight-headed hydra completely misses you.
The eight-headed hydra bites you.
You die...

#.#.. .#.....# #....
.....## ..
###...###.....##
...#.##.##.#......#
...#..#..........##### #
............†...#.#..#+..
..........†..............
.......l....<†...........
.......S@....†...........
...#...D####†.....<......
....##..## #.............
.... #...# #.............
... ###..###.............
#....P##.............
##...l..............P
####..#.............
###..............


You could see an eight-headed hydra, a black mamba and a basilisk.

Vanquished Creatures
  Rupert (Lair:3)
  Erolcha (D:10)
  A catoblepas (Lair:4)
  2 hydras
  A two-headed ogre (D:9)
  11 death yaks
  Nergalle (Lair:2)
  3 harpies (Lair:2)
  An oklob plant (Lair:3)
  5 black mambas
  Joseph (D:7)
  5 cane toads
  2 elephants
  2 rime drakes
  4 komodo dragons
  A polar bear (Lair:4)
  7 blink frogs
  3 shadows
  3 wyverns
  A human (D:10)
  43 yaks
  4 redbacks (Lair:3)
  4 basilisks
  4 steam dragons
  4 water moccasins
  2 black bears
  3 orc warriors
  3 ice beasts
  An ogre (D:6)
  31 wolves
  2 centaurs
  A phantom (D:6)
  6 scorpions
  13 bullfrogs
  3 wights (D:8)
  5 killer bees
  3 electric eels (D:8)
  2 jellies
  2 hounds
  3 orc priests
  3 gnoll boudas
  3 iguanas
  10 orc wizards
  Natasha (thrice) (D:3)
  5 hell rats (Lair:3)
  18 gnolls
  10 adders
  A white imp (D:3)
  An ufetubus (D:4)
  2 worms
  3 dart slugs
  21 orcs
  9 endoplasms
  4 giant cockroaches
  10 goblins
  8 hobgoblins
  3 kobolds
  3 quokkas
  9 ball pythons
  15 bats
  3 frilled lizards
  A jackal zombie (D:10)
  4 rats
344 creatures vanquished.

Vanquished Creatures (others)
  A sky beast (D:7)
  An orc (D:7)
  37 fungi
  52 plants
91 creatures vanquished.

Grand Total: 435 creatures vanquished

Notes
Turn   | Place    | Note
-------+----------+-------------------------------------------
     0 | D:1      | mandoloar the Minotaur Fighter began the quest for the Orb.
     0 | D:1      | Reached XP level 1. HP: 19/19 MP: 0/0
   136 | D:1      | Reached skill level 3 in Axes
   159 | D:1      | Reached XP level 2. HP: 16/26 MP: 1/1
   205 | D:1      | Found a faded altar of an unknown god.
   216 | D:1      | Got Plato's Codex of Calefaction
   355 | D:1      | Reached skill level 4 in Axes
   726 | D:2      | Reached XP level 3. HP: 31/31 MP: 2/2
   941 | D:2      | Found Disang's General Store.
  1046 | D:2      | Reached skill level 5 in Axes
  1093 | D:2      | Reached XP level 4. HP: 39/39 MP: 3/3
  1518 | D:3      | Reached skill level 6 in Axes
  1766 | D:3      | Reached XP level 5. HP: 45/45 MP: 4/4
  1830 | D:3      | Noticed Natasha
  1843 | D:3      | Killed Natasha
  1960 | D:3      | Noticed Natasha
  1975 | D:3      | Killed Natasha
  1976 | D:3      | Reached skill level 7 in Axes
  2032 | D:3      | Noticed Natasha
  2077 | D:3      | Found a shimmering altar of Xom.
  2077 | D:3      | Found a shimmering altar of Xom.
  2078 | D:3      | Found a shimmering altar of Xom.
  2078 | D:3      | Found a shimmering altar of Xom.
  2090 | D:3      | Found a shimmering altar of Xom.
  2124 | D:3      | Identified the +4 hat of Sloth {Int+4}
  2140 | D:3      | Killed Natasha
  2502 | D:5      | Entered Level 5 of the Dungeon
  2545 | D:4      | Reached XP level 6. HP: 51/51 MP: 5/5
  2550 | D:4      | Reached skill level 8 in Axes
  3452 | D:5      | Reached skill level 9 in Axes
  3461 | D:4      | Reached XP level 7. HP: 49/57 MP: 6/6
  3567 | D:5      | Reached skill level 10 in Axes
  3822 | D:5      | Found a broken altar of Ashenzari.
  3828 | D:5      | Found a stormy altar of Qazlal.
  3831 | D:5      | Found a bloodstained altar of Trog.
  4504 | D:5      | Reached skill level 11 in Axes
  4709 | D:6      | Found a staircase to the Ecumenical Temple.
  4725 | Temple   | Entered the Ecumenical Temple
  4881 | Temple   | Became a worshipper of Warmaster Okawaru
  5125 | D:6      | Reached XP level 8. HP: 60/64 MP: 7/7
  5461 | D:6      | Identified a scroll of acquirement
  5461 | D:6      | Acquired the ring "Jagibug" {rPois rN+ Str+4}
  5972 | D:6      | Reached skill level 12 in Axes
  6184 | D:6      | Found an ornate altar of the Wu Jian Council.
  6490 | D:7      | Reached * piety under Okawaru
  6622 | D:7      | Reached skill level 13 in Axes
  6909 | D:7      | Noticed Joseph
  6924 | D:7      | Killed Joseph
  6924 | D:7      | Reached ** piety under Okawaru
  6925 | D:7      | Reached skill level 14 in Axes
  6925 | D:7      | Reached XP level 9. HP: 48/70 MP: 5/8
  7879 | D:8      | Reached skill level 15 in Axes
  9571 | D:9      | Reached skill level 16 in Axes
  9661 | D:9      | Found a staircase to the Orcish Mines.
  9661 | D:9      | Found Veczep's Armour Shoppe.
  9663 | D:9      | Found Naerec's Weapon Shoppe.
  9767 | D:9      | Reached *** piety under Okawaru
  9806 | D:9      | Found a shadowy altar of Dithmenos.
  9808 | D:9      | Noticed a two-headed ogre
  9821 | D:9      | Killed a two-headed ogre
  9822 | D:9      | Reached skill level 1 in Throwing
  9822 | D:9      | Reached skill level 1 in Dodging
  9822 | D:9      | Reached skill level 1 in Stealth
  9822 | D:9      | Reached skill level 1 in Invocations
  9822 | D:9      | Reached XP level 10. HP: 36/79 MP: 6/9
  9955 | D:9      | Found a hide-covered altar of Uskayaw.
  9958 | D:9      | Found a snail-covered altar of Cheibriados.
  9958 | D:9      | Found a glowing silver altar of Zin.
  9965 | D:9      | Found a blossoming altar of Fedhas.
 10136 | D:9      | Found a staircase to the Lair.
 10184 | D:9      | Noticed an elephant
 10199 | D:9      | Killed an elephant
 10233 | D:9      | Identified the +8 long sword of Linearity {venom, rCorr
                  | Str-5 Stlth+}
 10853 | D:10     | Entered Level 10 of the Dungeon
 11009 | D:10     | Reached **** piety under Okawaru
 11049 | D:10     | Found a portal to a secret trove of treasure.
 11116 | D:10     | Noticed Erolcha
 11124 | D:10     | Killed Erolcha
 11125 | D:10     | Reached skill level 5 in Fighting
 11486 | D:10     | Found a runed translucent door.
 11502 | D:10     | Found a basalt altar of Yredelemnul.
 11515 | D:10     | Reached skill level 5 in Armour
 11598 | D:10     | Found Guriof's Armour Boutique.
 11902 | D:10     | Reached skill level 5 in Shields
 12145 | Lair:1   | Entered Level 1 of the Lair of Beasts
 12152 | Lair:1   | Received a gift from Okawaru
 12162 | Lair:1   | Received a gift from Okawaru
 12762 | Lair:1   | Reached XP level 11. HP: 80/89 MP: 12/12
 12763 | Lair:1   | Reached ***** piety under Okawaru
 14113 | Lair:2   | Noticed Nergalle
 14121 | Lair:2   | Killed Nergalle
 14156 | Lair:2   | Noticed a six-headed hydra
 14164 | Lair:2   | Killed a six-headed hydra
 14270 | Lair:2   | Reached skill level 17 in Axes
 14373 | Lair:2   | Received a gift from Okawaru
 14485 | Lair:2   | Reached skill level 5 in Dodging
 14523 | Lair:2   | Reached ****** piety under Okawaru
 14607 | Lair:2   | Found a staircase to the Shoals.
 14607 | Lair:2   | Noticed a harpy
 14607 | Lair:2   | Noticed a harpy
 14607 | Lair:2   | Noticed a harpy
 14615 | Lair:2   | Killed a harpy
 14617 | Lair:2   | Identified the +5 great mace of Grace {flame, Contam rC-
                  | Will+++ rCorr} (Okawaru gifted it to you on level 2 of the
                  | Lair of Beasts)
 14617 | Lair:2   | Received a gift from Okawaru
 14619 | Lair:2   | Killed a harpy
 14619 | Lair:2   | Killed a harpy
 14620 | Lair:2   | Reached XP level 12. HP: 45/100 MP: 14/14
 14916 | Lair:3   | Reached skill level 5 in Throwing
 14918 | Lair:3   | Noticed Rupert
 15229 | Lair:2   | Reached skill level 5 in Invocations
 15819 | Lair:3   | Reached skill level 5 in Stealth
 15963 | Lair:3   | Found a hole to the Spider Nest.
 16262 | Lair:3   | Killed Rupert
 16406 | Lair:4   | Found a staircase to the Slime Pits.
 16507 | Lair:3   | Received a gift from Okawaru
 16745 | Lair:3   | Noticed a death yak
 16745 | Lair:3   | Noticed a death yak
 16769 | Lair:3   | Noticed a death yak
 16771 | Lair:3   | Noticed a death yak
 16771 | Lair:3   | Noticed a death yak
 16772 | Lair:3   | Noticed a death yak
 16773 | Lair:3   | Killed a death yak
 16793 | Lair:3   | Killed a death yak
 16793 | Lair:3   | Killed a death yak
 16798 | Lair:3   | Killed a death yak
 16803 | Lair:3   | Killed a death yak
 16804 | Lair:3   | Killed a death yak
 17438 | Lair:3   | Reached XP level 13. HP: 110/110 MP: 9/16
 17728 | Lair:5   | Entered Level 5 of the Lair of Beasts
 18354 | Lair:4   | Gained mutation: You are clumsy. (Dex -2) [mutagenic glow]
 18919 | Lair:4   | Received a gift from Okawaru
 19628 | Lair:5   | Reached skill level 18 in Axes
 19945 | Lair:5   | Identified the +7 battleaxe of Broken Luck {heavy, rC+
                  | Str-3 Int+7} (Okawaru gifted it to you on level 5 of the
                  | Lair of Beasts)
 19945 | Lair:5   | Received a gift from Okawaru
 20054 | Lair:5   | HP: 1/111 [basilisk (6)]
 20054 | Lair:5   | Slain by an eight-headed hydra

Illustrated notes

Levels and vault maps discovered:
D:1:      minmay_arrival_split_and_join, layout_basic,
          shapermc_ecumenical_altar_rom_forum, dk_noncrumbling_2
D:2:      layout_basic, serial_shops, nicolae_shop_trees
D:3:      layout_rooms, xom_redecorated, wander_ebering_terrifying_dragon_lair,
          uniq_natasha
D:4:      layout_loops_ring, roderic_batcave
D:5:      layout_basic, minitemple
D:6:      layout_basic, mainiacjoe_overflow_surrounded_room,
          minmay_temple_entry_wispy, hangedman_abyss_or_decor_lesser_grid,
          minmay_misc_feat_secret_circle, hangedman_decor_points
D:7:      layout_rooms, enter_bailey_4, uniq_joseph
D:8:      statuecave_lemuel, layout_layer_cave
D:9:      layout_stronghold, nicolae_overflow_hallway_of_the_gods,
          david_lair_generic, orc_david_3
D:10:     layout_loops_ring, dk_yredelemnul_ordeal, serial_shops,
          nicolae_lakefront_shop, nicolae_trove_entry_free_sample, uniq_erolcha
D:11:     layout_long_grid, uniq_erica
Temple:   nicolae_temple_bog_church
Lair:1:   layout_gridlike
Lair:2:   layout_hall_layers, nicolae_shoals_entry_roost,
          gauntlet_entry_generic, uniq_nergalle
Lair:3:   layout_chaotic_city, spider_nest_entry_webs, enter_volcano_2,
          grunt_forest_large_clearings, uniq_rupert
Lair:4:   layout_roguey, slime_entry_1
Lair:5:   grunt_lair_end_beastmaster, layout_regular_city

Skill      XL: |  1  2  3  4  5  6  7  8  9 10 11 12 13 |
---------------+----------------------------------------+-----
Axes           | 3 4 5 6 7 9 11 14 16 17 18 | 18.0
Armour         | 4 5 7 8 9 |  9.5
Fighting       | 4 5 7 8 9 |  9.6
Throwing       | 1 3 4 6 7 |  7.1
Dodging        | 1 3 5 6 7 |  7.7
Stealth        | 1 3 4 5 6 |  6.0
Shields        | 4 5 6 |  6.0
Invocations    | 1 3 4 6 7 |  7.1

Action                   |  1- 3 |  4- 6 |  7- 9 | 10-12 | 13-15 || total
-------------------------+-------+-------+-------+-------+-------++-------
Melee: War axe           |    74 |   134 |   190 |   156 |       ||   554
       Headbutt          |     9 |    13 |    27 |    83 |    39 ||   171
       Broad axe         |       |       |       |   229 |   120 ||   349
       Flail             |       |       |       |     4 |    10 ||    14
Throw: Stone             |       |       |    19 |    13 |     1 ||    33
       Boomerang         |       |       |       |       |     6 ||     6
Invok: Heroism           |       |       |     2 |     5 |       ||     7
       Finesse           |       |       |       |     2 |       ||     2
  Use: Scroll            |       |       |    21 |     1 |     2 ||    24
       Potion            |       |       |     1 |     3 |     1 ||     5
Armor: Scale mail        |    32 |    56 |    75 |    16 |       ||   179
       Plate armour      |       |       |       |   175 |   172 ||   347
Dodge: Dodged            |    31 |    70 |    79 |   144 |    53 ||   377
Block: Buckler           |    14 |    27 |    35 |    81 |       ||   157
       Tower shield      |       |       |       |    45 |   113 ||   158

Table legend: (Time is in decaauts)
 A = Elapsed time spent in this place.
 B = Non-inter-level travel time spent in this place.
 C = Inter-level travel time spent in this place.
 D = Time resting spent in this place.
 E = Time spent auto-exploring this place.
 F = Levels seen in this place.
 G = Mean time per level.
                   A        B        C        D        E       F      G
               +--------+--------+--------+--------+--------+-----+--------+
         Total |  20061 |  19267 |    794 |   6896 |   9207 |  17 | 1180.1 |
       Dungeon |  12012 |  11475 |    537 |   3252 |   6412 |  11 | 1092.0 |
        Temple |    178 |    168 |     10 |      0 |    140 |   1 |  178.0 |
          Lair |   7869 |   7623 |    246 |   3644 |   2654 |   5 | 1573.8 |
               +--------+--------+--------+--------+--------+-----+--------+

Top non-repeatable levels by time:
  Lair:2: 2272 daAuts
  Lair:4: 2219 daAuts
     D:8: 1934 daAuts
  Lair:3: 1749 daAuts
     D:6: 1695 daAuts
     D:9: 1640 daAuts
  Lair:1: 1390 daAuts
     D:5: 1235 daAuts
     D:4: 1086 daAuts
     D:3: 1062 daAuts
     D:7: 1018 daAuts
    D:10: 908 daAuts
     D:2: 730 daAuts
     D:1: 697 daAuts
  Lair:5: 237 daAuts
